 Dungeon Crawl Stone Soup version 0.25-a0-190-g27fffb8c76 (webtiles) character file.

Game seed: 5354029999791324719, levelgen mode: deterministic

21350 anubisauman the Cruncher (level 12, 0/94 HPs)
             Began as a Merfolk Gladiator on Nov 30, 2019.
             Was a High Priest of Makhleb.
             Slain by a polar bear (6 damage)
             ... in an ice cave.
             The game lasted 02:06:03 (16117 turns).

anubisauman the Cruncher (Merfolk Gladiator)       Turns: 16117, Time: 02:06:03

Health: 0/94       AC: 13    Str: 18    XL:     12   Next: 89%
Magic:  16/16      EV: 20    Int: 12    God:    Makhleb [*****.]
Gold:   219        SH:  0    Dex: 21    Spells: 10/11 levels left

rFire    + . .     SeeInvis +   d - +6 quarterstaff (chaos)
rCold    + . .     Gourm    .   (shield currently unavailable)
rNeg     . . .     Faith    .   W - +3 leather armour of Kias {Int+4 Stlth+}
rPois    .         Spirit   .   U - +0 helmet
rElec    .         Reflect  .   u - +0 cloak
rCorr    .         Harm     .   J - +1 pair of gloves
MR       .....                  (no boots)
Stlth    +++++.....             (no amulet)
HPRegen  0.25/turn              a - ring "Etosaic" {*Drain rF+ Str+3 SInv}
MPRegen  0.15/turn              j - ring of protection from cold

@: no status effects
A: change form in water, swift swim, stealthy swim, thin metallic scales 1,
agile 1
a: Minor Destruction, Lesser Servant of Makhleb, Major Destruction, Greater
Servant of Makhleb, Renounce Religion


You were in an ice cave.
You worshipped Makhleb.
Makhleb was extremely pleased with you.
You were not hungry.

You visited 4 branches of the dungeon, and saw 16 of its levels.
You also visited: Ice Cave.

You collected 711 gold pieces.
You spent 492 gold pieces at shops.

Inventory:

Hand Weapons
 d - a +6 quarterstaff of chaos (weapon)
 p - a cursed -2 long sword
 q - a +0 quarterstaff of protection
 v - a +2 falchion of holy wrath
 G - a +1 war axe of distortion
 K - a +2 dagger of distortion
 Q - a +4 scimitar of flaming
Missiles
 r - 11 boomerangs (quivered)
Armour
 o - a +0 plate armour of cold resistance
 u - a +0 cloak (worn)
 J - a +1 pair of gloves (worn)
 R - a +1 robe of magic resistance
 U - a +0 helmet (worn)
 W - the +3 leather armour of Kias (worn) {Int+4 Stlth+}
   (You bought it in a shop on level 5 of the Dungeon)

   It affects your intelligence (+4).
   It makes you more stealthy.
Magical Staves
 b - an uncursed staff of poison
 w - an uncursed staff of earth
 A - an uncursed staff of summoning
Jewellery
 a - the ring "Etosaic" (left hand) {*Drain rF+ Str+3 SInv}
   (You found it on level 5 of the Dungeon)

   [ring of see invisible]

   It affects your strength (+3).
   It protects you from fire.
   It lets you see invisible.
   It causes draining when unequipped.
 g - the ring of the Magpie {Fire Int+7}
   (You took it off an orc on level 5 of the Dungeon)

   [ring of fire]

   It enhances your fire magic.
   It affects your intelligence (+7).
   It protects you from fire.
   It makes you vulnerable to cold.
 i - an uncursed ring of wizardry
 j - a ring of protection from cold (right hand)
Wands
 c - a wand of digging (4)
 e - a wand of iceblast (5)
 m - a wand of flame (10)
 D - a wand of disintegration (33)
 P - a wand of acid (19)
 X - a wand of enslavement (10)
Scrolls
 t - 9 scrolls of remove curse
 x - 5 scrolls of teleportation
 y - 7 scrolls of identify
 B - a scroll of blinking
 H - 4 scrolls of fear
 I - 2 scrolls of magic mapping
 N - a scroll of amnesia
 V - a scroll of fog
Potions
 h - a potion of degeneration
 k - a potion of berserk rage {unknown}
 l - a potion of flight
 n - 4 potions of haste
 s - a potion of ambrosia {unknown}
 z - 2 potions of agility
 L - 2 potions of lignification
 O - 6 potions of curing
Comestibles
 f - 16 rations
 C - 9 chunks of flesh


   Skills:
 + Level 8.9 Fighting
   Level 6.6(13.6) Polearms
 + Level 11.5(11.7) Staves
 + Level 2.2 Throwing
 + Level 4.2 Armour
 + Level 10.2 Dodging
 + Level 9.7 Stealth
 + Level 5.9 Invocations


You had 10 spell levels left.
You knew the following spells:

 Your Spells              Type           Power        Failure   Level  Hunger
a - Animate Skeleton      Necr           N/A          36%         1    ##.....

Your spell library contained the following spells:

 Spells                   Type           Power        Failure   Level  Hunger
 Apportation              Tloc           #.....       36%         1    ##.....
 Confusing Touch          Hex            #.....       36%         1    ##.....
 Summon Small Mammal      Summ           #...         36%         1    ##.....
 Cause Fear               Hex            #.........   98%         4    #####..
 Ice Form                 Ice/Tmut       #.......     98%         4    #####..
 Metabolic Englaciation   Hex/Ice        #.........   100%        5    ######.
 Silence                  Hex/Air        #.........   100%        5    ######.
 Yara's Violent Unravell  Hex/Tmut       #.........   100%        5    ######.
 Bolt of Cold             Conj/Ice       #.........   100%        6    #######
 Deflect Missiles         Chrm/Air       #.........   100%        6    #######
 Freezing Cloud           Conj/Ice/Air   #.........   100%        6    #######
 Ozocubu's Refrigeration  Ice            #.........   100%        6    #######
 Simulacrum               Ice/Necr       #.........   100%        6    #######
 Discord                  Hex            #.........   100%        8    #######


Dungeon Overview and Level Annotations

Branches:
Dungeon (14/15)            Temple (1/1) D:5            Lair (1/6) D:9
    Orc (1/2) D:10          IceCv (1/1)
 Vaults: D:13-14

Altars:
Ashenzari
Cheibriados
Dithmenos
Elyvilon
Fedhas
Gozag
Hepliaklqana
Kikubaaqudgha
Makhleb
Nemelex Xobeh
Okawaru
Qazlal
Ru
Sif Muna
Trog
Uskayaw
Vehumet
Wu Jian
Xom
Yredelemnul
Zin
The Shining One
Beogh

Shops:
D:5 [   D:9 %

Annotations:
D:5 armor


Innate Abilities, Weirdness & Mutations

You revert to your normal form in water.
You are very nimble and swift while swimming.
You are very stealthy in the water. (Stealth+)
You are partially covered in thin metallic scales. (AC +2)
You are agile. (Dex +2)


Message History

The polar bear is almost dead.
The polar bear bites you!!
* * * LOW HITPOINT WARNING * * *
The polar bear closely misses you. The polar bear misses you.
You hit the polar bear but do no damage.
The polar bear is almost dead.
The polar bear closely misses you. The polar bear claws you.
* * * LOW HITPOINT WARNING * * *
The polar bear closely misses you.
Press: ? - help, Shift-Dir - straight line, f - polar bear
Aim: a polar bear (almost dead, berserk, fast, unusually strong, extremely poisoned)
The orb of electricity explodes!
The orb of electricity engulfs the polar bear.
The polar bear is almost dead.
The orb of electricity engulfs you.
* * * LOW HITPOINT WARNING * * *
You hear a bellow! x2; You hear an angry growl.
The polar bear closely misses you. The polar bear completely misses you.
The polar bear closely misses you. The polar bear bites you.
You die...

.##...## #.#.##...##.##
..##...####.#.#####...#.##
.÷####...####≈○°# ##..#..#
#°.####...##.°°## ###÷..#
§#°°###..##...## ##÷.##
#.○.○##..###..# ##..##
##○.##..####..# ###..##
#.°##.[...#..#####..###
..####.#....## #@..## .##
########.###h.# .# #....##
.## ##..## ..# .h..# .##
#..## .# ### .# ##


You could see a polar bear (berserk).

Vanquished Creatures
  Erica (D:10)
  2 two-headed ogres
  An unseen horror (D:14)
  A cyclops (D:12)
  An ice statue (IceCv)
  Joseph (D:8)
  A gargoyle (D:12)
  3 spiny frogs (Lair:1)
  2 komodo dragons (Lair:1)
  A queen bee (D:8)
  2 trolls (D:10)
  A hornet (D:8)
  4 polar bears (IceCv)
  Prince Ribbit (D:8)
  3 blink frogs (Lair:1)
  2 hippogriffs
  A shadow (D:11)
  Eustachio (D:4)
  Sigmund (D:4)
  18 yaks
  A wyvern (D:8)
  Grum (D:10)
  A soldier ant (D:11)
  5 water moccasins
  5 orc warriors
  3 porcupines (Lair:1)
  3 ice beasts
  An eye of draining (D:9)
  2 sky beasts (D:5)
  A hornet zombie (D:5)
  A black bear (D:10)
  2 phantoms
  A necrophage (D:7)
  6 ogres
  8 centaurs
  15 wolves
  5 crocodiles
  7 bullfrogs
  2 wyvern skeletons
  2 water moccasin skeletons (D:6)
  5 scorpions
  23 killer bees
  6 howler monkeys
  3 crimson imps
  A bullfrog zombie (D:9)
  7 hounds
  A quasit (D:7)
  5 jellies
  Crazy Yiuf (D:2)
  13 orc priests
  A centaur skeleton (D:7)
  6 orc wizards
  A bullfrog skeleton (D:11)
  An iguana (D:7)
  7 worker ants
  A hound zombie (D:5)
  2 hound skeletons (D:6)
  Robin (D:4)
  19 gnolls
  9 adders
  3 shadow imps
  An adder skeleton (D:5)
  3 worms
  2 dart slugs
  9 leopard geckos
  54 orcs
  2 ball pythons (D:2)
  6 giant cockroaches
  16 goblins
  9 hobgoblins
  12 kobolds
  5 quokkas
  10 bats
  9 frilled lizards
  A leopard gecko skeleton (D:8)
  2 quokka zombies
  8 rats
385 creatures vanquished.

Vanquished Creatures (collateral kills)
  Psyche (D:8)
  A centaur skeleton (D:12)
  2 polar bears (IceCv)
  2 yaks (Lair:1)
  An orc warrior (D:10)
  A bullfrog (D:8)
  A hound (D:8)
  An orc wizard (D:8)
  5 orcs
15 creatures vanquished.

Vanquished Creatures (others)
  A spiny frog (Lair:1)
  2 yaks (IceCv)
  3 wolves (IceCv)
  A fungus (Lair:1)
  A plant (Lair:1)
8 creatures vanquished.

Grand Total: 408 creatures vanquished

Notes
Turn   | Place    | Note
-------+----------+-------------------------------------------
     0 | D:1      | anubisauman the Merfolk Gladiator began the quest for the
                  | Orb.
     0 | D:1      | Reached XP level 1. HP: 16/16 MP: 1/1
   127 | D:1      | Reached XP level 2. HP: 23/23 MP: 2/2
   187 | D:1      | Reached skill level 5 in Polearms
   495 | D:1      | Reached XP level 3. HP: 28/28 MP: 3/3
   788 | D:2      | Reached XP level 4. HP: 20/34 MP: 4/4
  1004 | D:2      | Reached skill level 1 in Stealth
  1437 | D:2      | Found a runed translucent door.
  1438 | D:2      | Noticed Crazy Yiuf
  1452 | D:2      | Killed Crazy Yiuf
  1452 | D:2      | Reached skill level 1 in Armour
  1452 | D:2      | Reached XP level 5. HP: 30/39 MP: 5/5
  1640 | D:2      | Found a shimmering blue altar of Sif Muna.
  1641 | D:2      | Found a bloodstained altar of Trog.
  2210 | D:3      | Found a sacrificial altar of Ru.
  2426 | D:3      | Reached skill level 1 in Staves
  2426 | D:3      | Reached XP level 6. HP: 44/47 MP: 6/6
  2671 | D:3      | Found a shimmering altar of Xom.
  2672 | D:3      | Found a burning altar of Makhleb.
  2685 | D:3      | Became a worshipper of Makhleb the Destroyer
  2789 | D:3      | Reached skill level 2 in Staves
  3053 | D:4      | Reached skill level 5 in Dodging
  3053 | D:4      | Reached XP level 7. HP: 51/52 MP: 7/7
  3103 | D:4      | Noticed Sigmund
  3104 | D:4      | Noticed Eustachio
  3304 | D:4      | Noticed Robin
  3345 | D:4      | Killed Robin
  3354 | D:4      | Reached * piety under Makhleb
  3430 | D:4      | Killed Eustachio
  3430 | D:4      | Reached skill level 3 in Staves
  4142 | D:4      | Killed Sigmund
  4142 | D:4      | Reached skill level 4 in Staves
  4142 | D:4      | Reached XP level 8. HP: 60/60 MP: 8/8
  4185 | D:5      | Entered Level 5 of the Dungeon
  4260 | D:5      | Found a staircase to the Ecumenical Temple.
  4273 | Temple   | Entered the Ecumenical Temple
  4413 | D:5      | Found Hoptal's Armour Boutique.
  4758 | D:5      | Reached skill level 5 in Staves
  5053 | D:5      | Got a crude ivory ring
  5055 | D:5      | Identified the ring "Etosaic" {*Drain rF+ Str+3 SInv} (You
                  | found it on level 5 of the Dungeon)
  5065 | D:5      | Found a snail-covered altar of Cheibriados.
  5449 | D:5      | Identified the ring of the Magpie {Fire Int+7}
  5845 | D:6      | Reached ** piety under Makhleb
  5893 | D:6      | Reached XP level 9. HP: 56/67 MP: 9/9
  6025 | D:7      | Reached skill level 5 in Stealth
  6363 | D:6      | Reached skill level 6 in Staves
  6423 | D:6      | Reached skill level 5 in Fighting
  6964 | D:6      | Reached *** piety under Makhleb
  6964 | D:6      | Reached skill level 7 in Staves
  7191 | D:7      | Found a basalt altar of Yredelemnul.
  7351 | D:7      | Found a shadowy altar of Dithmenos.
  7351 | D:7      | Found an iron altar of Okawaru.
  7392 | D:7      | Reached XP level 10. HP: 76/76 MP: 10/10
  7893 | D:8      | Reached skill level 8 in Staves
  7944 | D:8      | Noticed Psyche
  7944 | D:8      | Noticed Prince Ribbit
  7952 | D:8      | Killed Psyche
  7952 | D:8      | Reached skill level 1 in Invocations
  7959 | D:8      | Killed Prince Ribbit
  7986 | D:8      | Found a hazy altar of Hepliaklqana.
  8035 | D:8      | Found an opulent altar of Gozag.
  8104 | D:8      | Reached **** piety under Makhleb
  8657 | D:8      | Noticed Joseph
  9060 | D:8      | Killed Joseph
  9060 | D:8      | Reached skill level 9 in Staves
  9555 | D:9      | Reached XP level 11. HP: 83/83 MP: 13/13
  9559 | D:9      | Found a staircase to the Lair.
  9613 | D:9      | Found an ancient bone altar of Kikubaaqudgha.
  9630 | D:9      | Noticed a two-headed ogre
  9646 | D:9      | Killed a two-headed ogre
 10173 | D:9      | Found a shattered altar of Ashenzari.
 10318 | D:9      | Found Buly's Food Shop.
 10512 | D:5      | Bought the +3 leather armour of Kias {Int+4 Stlth+} for 492
                  | gold pieces
 10763 | D:10     | Entered Level 10 of the Dungeon
 10773 | D:10     | Noticed Erica
 10781 | D:10     | Killed Erica
 10870 | Lair:1   | Entered Level 1 of the Lair of Beasts
 10900 | Lair:1   | Reached skill level 10 in Staves
 11427 | Lair:1   | Noticed a six-headed hydra
 12207 | Lair:1   | Reached ***** piety under Makhleb
 12279 | Lair:1   | Reached XP level 12. HP: 92/92 MP: 15/15
 12330 | Lair:1   | Noticed a balrug
 12634 | D:10     | Found a staircase to the Orcish Mines.
 12637 | D:10     | Found a roughly hewn altar of Beogh.
 12954 | D:10     | Noticed Grum
 12977 | D:10     | Killed Grum
 13595 | Orc:1    | Entered Level 1 of the Orcish Mines
 13595 | Orc:1    | Noticed an orc warlord
 14042 | D:11     | Reached skill level 10 in Dodging
 14054 | D:11     | Gained mutation: You are partially covered in thin metallic
                  | scales. (AC +2) [potion of mutation]
 14054 | D:11     | Gained mutation: You are agile. (Dex +2) [potion of
                  | mutation]
 14371 | D:11     | Reached skill level 11 in Staves
 14582 | D:11     | Learned a level 1 spell: Animate Skeleton
 14745 | D:11     | Noticed a blizzard demon
 15005 | D:12     | Reached skill level 5 in Invocations
 15017 | D:12     | Noticed a two-headed ogre
 15025 | D:12     | Killed a two-headed ogre
 15056 | D:12     | You fall into a shaft and drop 2 floors!
 15130 | D:14     | Found a frozen archway.
 15140 | IceCv    | Entered an ice cave
 16117 | IceCv    | Slain by a polar bear

Levels and vault maps discovered:
D:1:      co_arrival_random_square_maze, layout_rooms
D:2:      layout_rooms, gammafunk_temple_overflow_statue,
          minmay_misc_feat_ornament, uniq_crazy_yiuf_cottage
D:3:      layout_loops_ring, nicolae_ru_path_of_blood,
          grunt_temple_overflow_champion_of_chaos, first_ration
D:4:      layout_gridville, uniq_sigmund, uniq_eustachio, uniq_robin
D:5:      layout_loops_corners, kennysheep_slug_shrine,
          minmay_temple_entry_waves, serial_shops, nicolae_shop_stone,
          small_statue_intersection, corexii_checkpoint_a
D:6:      minmay_bubble_buster, layout_basic
D:7:      layout_basic, gammafunk_temple_overflow_wave, kennysheep_mini
D:8:      layout_basic, old_standard_altar,
          nicolae_gozag_cash_rules_everything_around_me, david_nohive_1,
          uniq_psyche, uniq_joseph, uniq_prince_ribbit1
D:9:      layout_basic, kennysheep_mini_moat, kennysheep_little_box,
          lair_entry_dummy, serial_shops,
          nicolae_shop_temple_entry_statues_fountains
D:10:     layout_roguey, minmay_orc_entry_temple_small, uniq_erica, uniq_grum
D:11:     layout_irregular_city
D:12:     layout_stronghold
D:14:     layout_loops_cross, portal_ice_cave_entry_pillars_1,
          kennysheep_pointless_box
Temple:   nicolae_temple_figure_zero
Lair:1:   layout_cave_pods, grunt_megastairs_2
Orc:1:    layout_diamond_mine, mines3_lemuel, uniq_sonja, uniq_nergalle
IceCv:    ice_cave_caverns_02

Skill      XL: |  1  2  3  4  5  6  7  8  9 10 11 12 |
---------------+-------------------------------------+-----
Polearms       | 5 6 |  6.6
Stealth        | 1 2 3 4 6 7 8 9 |  9.7
Armour         | 1 2 3 4 |  4.2
Fighting       | 3 4 5 6 7 8 |  8.9
Staves         | 1 2 4 5 7 9 10 11 | 11.5
Dodging        | 5 6 7 8 9 10 | 10.2
Invocations    | 3 4 5 |  5.9
Throwing       | |  2.2

Action                   |  1- 3 |  4- 6 |  7- 9 | 10-12 || total
-------------------------+-------+-------+-------+-------++-------
Melee: Trident           |    93 |    38 |       |       ||   131
       Quarterstaff      |       |    92 |   359 |   725 ||  1176
       Tailslap          |       |       |     1 |       ||     1
Throw: Throwing net      |     1 |     3 |     4 |     1 ||     9
 Cast: Animate Skeleton  |       |       |       |     1 ||     1
Invok: Minor Destruction |       |       |     2 |    20 ||    22
       Lesser Servant of |       |       |       |     8 ||     8
       Major Destruction |       |       |       |     7 ||     7
       Greater Servant o |       |       |       |     2 ||     2
Evoke: Wand              |       |       |       |     1 ||     1
  Use: Scroll            |     3 |       |     3 |    13 ||    19
       Potion            |       |       |     5 |    10 ||    15
 Stab: Sleeping          |     2 |     4 |    17 |    25 ||    48
       Confused          |       |     1 |     4 |       ||     5
       Paralysed         |       |       |     1 |     8 ||     9
       Distracted        |       |       |     1 |     7 ||     8
       Petrifying        |       |       |     1 |     1 ||     2
       Held in net/web   |       |       |       |     2 ||     2
  Eat: Chunk             |       |     7 |    14 |    19 ||    40
       Ration            |       |       |       |     3 ||     3
Armor: Leather armour    |    15 |    25 |    66 |   102 ||   208
       Skin              |       |       |     6 |    12 ||    18
       Robe              |       |       |       |    25 ||    25
Dodge: Dodged            |    53 |    85 |   296 |   607 ||  1041

Table legend:
 A = Non-vault XP
 B = Vault XP
 C = Vault XP percentage of total XP
 D = Non-vault monster count
 E = Vault monster count
 F = Vault count percentage of total count
                 A         B        C        D         E       F
            +---------+---------+-------+---------+---------+-------
      Total |   21267 |    9234 |  30.3 |     319 |      84 |  20.8
            +---------+---------+-------+---------+---------+-------
        D:1 |      41 |       0 |   0.0 |      25 |       0 |   0.0
        D:2 |     151 |      42 |  21.8 |      23 |       1 |   4.2
        D:3 |     225 |      50 |  18.2 |      30 |       1 |   3.2
        D:4 |     238 |     453 |  65.6 |      18 |      14 |  43.8
        D:5 |     929 |       9 |   1.0 |      23 |       3 |  11.5
        D:6 |    1416 |     569 |  28.7 |      37 |       8 |  17.8
        D:7 |     956 |      63 |   6.2 |      28 |       1 |   3.4
        D:8 |     900 |    2132 |  70.3 |      14 |      17 |  54.8
        D:9 |    3471 |       0 |   0.0 |      30 |       0 |   0.0
       D:10 |    1879 |    1839 |  49.5 |      17 |      18 |  51.4
       D:11 |    1902 |       0 |   0.0 |      22 |       0 |   0.0
       D:12 |    2553 |       0 |   0.0 |      18 |       0 |   0.0
       D:14 |    1005 |       0 |   0.0 |       5 |       0 |   0.0
     Lair:1 |    5598 |     483 |   7.9 |      28 |       2 |   6.7
      Orc:1 |       3 |       0 |   0.0 |       1 |       0 |   0.0
      IceCv |       0 |    3594 | 100.0 |       0 |      19 | 100.0
            +---------+---------+-------+---------+---------+-------
